 Dungeon Crawl Stone Soup version 0.18-a0-1551-g40744a8 (webtiles) character file.

185312 Ratboiler the Spry (level 17, -2/70 HPs)
             Began as a Felid Wanderer on Mar 10, 2016.
             Was the Champion of Vehumet.
             Slain by a snapping turtle (47 damage)
             ... on level 4 of the Shoals on Mar 11, 2016.
             The game lasted 04:30:38 (58067 turns).

Ratboiler the Spry (Felid Wanderer)                Turns: 58067, Time: 04:30:38

Health: -2/70      AC:  5    Str: 13    XL:     17   Next: 41%
Magic:  18/47      EV: 30    Int: 18    God:    Vehumet [******]
Gold:   1604       SH:  0    Dex: 19    Spells: 12 memorised, 5 levels left
                                        Lives:  0   Deaths: 3

rFire  . . .     SeeInvis +     (weapon unavailable)
rCold  . . .     Gourm    .     (armour unavailable)
rNeg   . . .     Faith    .     (shield unavailable)
rPois  +         Spirit   .     (helmet unavailable)
rElec  .         Dismiss  .     (cloak unavailable)
rCorr  .         Reflect  .     (gloves unavailable)
SustAt .         Harm     .     (boots unavailable)
MR     ++...                    g - amulet of magic regeneration
Stlth  +++.......               t - ring of magical power
                                s - ring "Otsahat" {+Fly rPois rC- Str+3 Dex+3}

@: repel missiles, quick, very resistant to hostile enchantments, fairly
stealthy
A: no armour, no weapons or thrown items, claws 1, fangs 3, slimy green scales
1, see invisible, carnivore 3, speed 1, shaggy fur 3, slow metabolism 1, sharp
paws
a: Renounce Religion, Evoke Flight
}: 1/15 runes: barnacled


You were on level 4 of the Shoals.
You worshipped Vehumet.
Vehumet was exalted by your worship.
You were not hungry.

You visited 7 branches of the dungeon, and saw 38 of its levels.
You also visited: Ossuary.

You collected 3381 gold pieces.
You spent 1777 gold pieces at shops.

Inventory:

Jewellery
 g - an amulet of magic regeneration (around neck)
 o - an uncursed amulet of regeneration
 s - the ring "Otsahat" (left paw) {+Fly rPois rC- Str+3 Dex+3}
   (You bought it in a shop on level 4 of the Dungeon)

   [ring of flight]

   It affects your strength (+3).
   It affects your dexterity (+3).
   It makes you vulnerable to cold.
   It protects you from poison.
   It lets you fly.
 t - a ring of magical power (right paw)
 H - the ring of Yzuam {Fire Int+4}
   (You bought it in a shop on level 4 of the Dungeon)

   [ring of fire]

   It enhances your fire magic, and weakens your ice magic.
   It affects your intelligence (+4).
   It protects you from fire.
   It makes you vulnerable to cold.
 X - the amulet "Soxom" {Reflect rPois rC- Str+4 SH+5}
   (You took it off a merfolk aquamancer on level 4 of the Shoals)

   [amulet of reflection]

   It shields you and reflects attacks.
   It affects your strength (+4).
   It makes you vulnerable to cold.
   It protects you from poison.
   It affects your SH (+5).
Wands
 f - a wand of digging (9/24)
 k - a wand of disintegration (13/24)
 n - a wand of disintegration (7/24)
 A - a wand of teleportation (3/9)
 L - a wand of enslavement (1/24)
 P - a wand of digging (6/24)
Scrolls
 c - 3 scrolls of teleportation
 d - 8 scrolls of identify
 j - 9 scrolls of remove curse
 v - 3 scrolls of fog
 E - 3 scrolls of recharging
 G - a scroll of amnesia
 U - a scroll of summoning
 Z - 3 scrolls of magic mapping
Potions
 h - 3 potions of resistance
 l - 3 potions of agility
 p - 3 potions of brilliance
 q - 3 potions of curing
 w - 3 potions of ambrosia
 x - 5 potions of lignification
 z - 6 potions of might
 B - 5 potions of flight
 D - 3 potions of cure mutation
 F - 5 potions of haste
 K - a potion of magic
 N - 2 potions of invisibility
 W - a potion of cancellation
Books
 a - a book of Minor Magic

   Spells                             Type                      Level
   a - Magic Dart                     Conjuration                  1
   b - Blink                          Translocation                2
   c - Call Imp                       Summoning                    2
   d - Repel Missiles                 Charms/Air                   2
   e - Slow                           Hexes                        2
   f - Conjure Flame                  Conjuration/Fire             3
   g - Mephitic Cloud                 Conjuration/Poison/Air       3
 b - the Collected Works on Earth

   Spells                             Type                      Level
   a - Sandblast                      Earth                        1
   b - Passwall                       Transmutation/Earth          2
 r - a book of Battle

   Spells                             Type                      Level
   a - Infusion                       Charms                       1
   b - Shroud of Golubria             Charms/Translocation         2
   c - Song of Slaying                Charms                       2
   d - Spectral Weapon                Hexes/Charms                 3
   e - Regeneration                   Charms/Necromancy            3
 y - a book of Transfigurations

   Spells                             Type                      Level
   a - Irradiate                      Conjuration/Transmutation    5
   b - Statue Form                    Transmutation/Earth          6
   c - Hydra Form                     Transmutation                6
   d - Dragon Form                    Transmutation                7
 C - a book of Geomancy

   Spells                             Type                      Level
   a - Sandblast                      Earth                        1
   b - Passwall                       Transmutation/Earth          2
   c - Stone Arrow                    Conjuration/Earth            3
   d - Petrify                        Transmutation/Earth          4
   e - Lee's Rapid Deconstruction     Earth                        5
 I - a book of Power

   Spells                             Type                      Level
   a - Fulminant Prism                Conjuration/Hexes            4
   b - Iskenderun's Mystic Blast      Conjuration                  4
   c - Venom Bolt                     Conjuration/Poison           5
   d - Bolt of Magma                  Conjuration/Fire/Earth       5
   e - Iron Shot                      Conjuration/Earth            6
   f - Orb of Destruction             Conjuration                  7
   g - Spellforged Servitor           Conjuration/Summoning        7
 J - a book of Enchantments

   Spells                             Type                      Level
   a - Cause Fear                     Hexes                        4
   b - Yara's Violent Unravelling     Hexes/Transmutation          5
   c - Silence                        Hexes/Air                    5
   d - Deflect Missiles               Charms/Air                   6
   e - Haste                          Charms                       6
   f - Discord                        Hexes                        8
 O - a book of Clouds

   Spells                             Type                      Level
   a - Mephitic Cloud                 Conjuration/Poison/Air       3
   b - Conjure Flame                  Conjuration/Fire             3
   c - Poisonous Cloud                Conjuration/Poison/Air       6
   d - Freezing Cloud                 Conjuration/Ice/Air          6
   e - Ring of Flames                 Charms/Fire                  7
 Q - a book of the Dragon

   Spells                             Type                      Level
   a - Flame Tongue                   Conjuration/Fire             1
   b - Cause Fear                     Hexes                        4
   c - Bolt of Fire                   Conjuration/Fire             6
   d - Dragon Form                    Transmutation                7
   e - Dragon's Call                  Summoning                    9
 S - a book of Frost

   Spells                             Type                      Level
   a - Freeze                         Ice                          1
   b - Throw Frost                    Conjuration/Ice              2
   c - Ozocubu's Armour               Charms/Ice                   3
   d - Throw Icicle                   Conjuration/Ice              4
   e - Summon Ice Beast               Ice/Summoning                4
 T - an Akashic Record

   Spells                             Type                      Level
   a - Dispersal                      Translocation                6
   b - Malign Gateway                 Summoning/Translocation      7
   c - Disjunction                    Translocation                8
   d - Controlled Blink               Translocation                8
 V - a book of Maledictions

   Spells                             Type                      Level
   a - Corona                         Hexes                        1
   b - Ensorcelled Hibernation        Hexes/Ice                    2
   c - Confuse                        Hexes                        3
   d - Tukima's Dance                 Hexes                        3
   e - Dazzling Spray                 Conjuration/Hexes            3
 Y - a book of Death

   Spells                             Type                      Level
   a - Corpse Rot                     Necromancy                   2
   b - Sublimation of Blood           Necromancy                   2
   c - Agony                          Necromancy                   5
   d - Dispel Undead                  Necromancy                   5
   e - Excruciating Wounds            Charms/Necromancy            5
   f - Bolt of Draining               Conjuration/Necromancy       5
Miscellaneous
 e - a phial of floods
 R - a phantom mirror
Comestibles
 i - a beef jerky
 u - a meat ration


   Skills:
 + Level 6.5 Fighting
 - Level 19.0 Dodging
 - Level 2.6 Stealth
 + Level 16.8 Spellcasting
 - Level 17.5 Conjurations
 - Level 4.4 Hexes
 - Level 1.0 Necromancy
 - Level 6.1 Fire Magic
 - Level 8.0 Ice Magic
 - Level 8.3 Air Magic
 - Level 8.1 Earth Magic
 - Level 3.2 Poison Magic


You had 5 spell levels left.
You knew the following spells:

 Your Spells              Type           Power        Failure   Level  Hunger
a - Magic Dart            Conj           ####         0%          1    None
b - Call Imp              Summ           ###.....     8%          2    None
c - Mephitic Cloud        Conj/Pois/Air  ######..     1%          3    None
d - Conjure Flame         Conj/Fire      ######..     1%          3    None
e - Orb of Destruction    Conj           ######....   1%          7    ######.
f - Bolt of Fire          Conj/Fire      ######....   1%          6    #####..
g - Freezing Cloud        Conj/Ice/Air   ######....   2%          6    #####..
h - Repel Missiles        Chrm/Air       ####..       1%          2    None
i - Fulminant Prism       Conj/Hex       ######....   1%          4    None
j - Sting                 Conj/Pois      ####         1%          1    None
k - Regeneration          Chrm/Necr      ###.......   12%         3    None
l - Iron Shot             Conj/Erth      ######....   1%          6    #####..


Dungeon Overview and Level Annotations

Branches:
Dungeon (15/15)            Temple (1/1) D:4            Lair (8/8) D:10
 Shoals (4/4) Lair:5        Snake (3/4) Lair:3        Slime (0/6) Lair:6
    Orc (2/2) D:9             Elf (0/3) Orc:2        Vaults (4/5) D:13
 Depths (0/5) D:15
  Crypt: Vaults:2-3

Altars:
Ashenzari
Cheibriados
Dithmenos
Elyvilon
Fedhas
Gozag
Kikubaaqudgha
Makhleb
Nemelex Xobeh
Okawaru
Pakellas
Qazlal
Ru
Sif Muna
Trog
Vehumet
Xom
Yredelemnul
Zin
The Shining One
Beogh
Jiyva
Lugonu

Shops:
D:4 =   D:7 ?   D:8 :   D:9 (   D:10 *   Orc:2 :[}?   Vaults:1 :

Annotations:
D:3 exclusion: downstairs
D:5 1 exclusion, Prince Ribbit
D:6 exclusion: 2 downstairs
D:7 exclusions: hungry ghost and 1 more exclusion
D:9 Erolcha
D:10 exclusion: downstairs
D:15 1 exclusion
Lair:6 Josephine, Maud
Shoals:1 1 runed door
Shoals:3 exclusion: downstairs
Shoals:4 Ilsuiw
Snake:1 exclusion: downstairs
Snake:2 Vashnia


Innate Abilities, Weirdness & Mutations

You cannot wear armour.
You are incapable of wielding weapons or throwing items.
You have sharp claws.
You have razor-sharp teeth.
You have supernaturally acute eyesight.
You are carnivorous and can eat meat at any time.
You cover ground quickly.
Your thick and shaggy fur keeps you warm (AC +3, rC+).
You have a slow metabolism.
Your sharp claws are effective at attacking unaware monsters.
You are partially covered in slimy green scales (AC +2).


Message History

Vehumet accepts your kill.
You feel your power returning.
The wavering orb of destruction hits the faun.
You blow up the faun!
Vehumet accepts your kill.
You feel your power returning. The snapping turtle barely misses you.
The sheep completely misses you.
The satyr is engulfed in freezing vapours.
The satyr plays a lulling melody on his pipes!
You resist with almost no effort.
A water nymph comes into view.
The water nymph shouts!
The snapping turtle completely misses you.
The sheep bites you.
The satyr is engulfed in freezing vapours.
The satyr plays a lulling melody on his pipes!
You fall asleep.
The snapping turtle bites you!!!
You wake up.
Ouch! That really hurt!
You die...

.....PPP..§§§.......≈≈≈≈≈≈≈...P..
....P........†....%.≈≈≈≈≈P≈≈≈P.P.
..........§§§.......≈%≈≈P≈≈c≈P...
........P.§c§.[(?....≈≈≈≈≈≈≈≈....
.....P....§§§(.Y......≈P.P≈≈≈....
....P..P,P...(...(....≈≈..≈P≈....
.......,,.%%(..%......≈≈≈≈≈≈≈....
......,,,.....(.Yt....≈≈≈≈≈≈≈....
.,,,,,,,,..((.()@.)..≈≈≈≈≈≈≈≈≈...
.,,,,,,,,........((..≈≈≈≈≈≈≈≈≈...
.,,,,,,,,.....)..((.≈≈≈≈≈≈≈≈≈≈≈..
.,,,,,,,,...........≈m≈≈≈≈≈≈≈≈≈.m
.,,,,,,,,........§..≈≈≈≈≈≈≈≈≈≈,,,
.,,,,,,,,.............≈≈≈≈≈≈≈,,,,
≈,,,,,,≈≈............≈≈≈≈≈≈≈≈≈,,,
≈,,**,≈≈≈≈..........≈≈≈≈≈≈≈≈,,,,,
≈,,,,,≈≈≈≈.........P≈≈≈≈≈≈≈≈,,,,,


You could see a satyr, a snapping turtle (roused), a water nymph and 2 sheep.

Vanquished Creatures
  Rupert (D:13)
  A sphinx (Vaults:4)
  A shadow dragon (shapeshifter) (D:13)
  Agnes (D:15)
  A greater naga (Snake:2)
  A fire giant (Vaults:4)
  2 frost giants
  Donald (Shoals:3)
  12 vault wardens
  An orc warlord (Orc:2)
  Louise (D:15)
  2 very ugly things (Vaults:4)
  8 ironheart preservers
  2 stone giants
  A deep elf demonologist (Vaults:3)
  Azrael (D:13)
  A merfolk javelineer (Shoals:4)
  An ettin (Vaults:1)
  Snorg (D:13)
  5 vault guards
  3 fire dragons
  7 yaktaur captains
  5 merfolk impalers
  3 great orbs of eyes
  Harold (Lair:4)
  11 hydras
  A rakshasa (Vaults:1)
  8 naga warriors
  An ice dragon (Vaults:3)
  10 ogre magi
  The ghost of amplicon the Grappler, a novice TrMo of Qazlal (D:10)
  4 anacondas
  A death knight (D:12)
  8 centaur warriors
  A ghost crab (shapeshifter) (Vaults:1)
  4 merfolk aquamancers (Shoals:4)
  3 catoblepae (Lair:8)
  2 tengu warriors
  14 death yaks (Lair:8)
  4 merfolk avatars
  A deep troll earth mage (Vaults:4)
  A deep troll shaman (Vaults:4)
  A satyr (Shoals:4)
  Urug (Lair:3)
  An orc high priest (Orc:1)
  13 naga sharpshooters
  A fire crab (Vaults:3)
  Nergalle (D:12)
  4 deep elf knights (Vaults:3)
  5 skeletal warriors (Vaults:1)
  2 shadow wraiths
  2 unseen horrors
  2 giant orange brains (Vaults:3)
  2 naga ritualists
  11 deep trolls
  4 orc knights
  2 sea snakes
  4 deep elf archers
  7 hill giants
  2 flayed ghosts
  11 ironbrand convokers
  6 harpies
  4 necromancers
  2 wizards (Vaults:1)
  10 griffons
  12 deep elf magi
  33 ugly things
  5 salamanders
  13 orc sorcerers
  5 mana vipers
  14 fauns
  8 cyclopes
  7 manticores
  3 hornets
  33 black mambas
  5 elephants (Lair:8)
  Maurice (D:11)
  An elephant (shapeshifter) (D:13)
  3 sirens
  2 water nymphs (Shoals:4)
  Psyche (D:9)
  2 centaur zombies
  A gargoyle (D:13)
  A stone giant skeleton (Vaults:1)
  5 naga magi
  A guardian serpent (Snake:2)
  A torpor snail (Lair:7)
  9 spiny frogs
  11 vault sentinels
  34 yaktaurs
  3 rime drakes
  3 freezing wraiths
  7 komodo dragons
  A red devil (D:15)
  A tengu conjurer (D:14)
  4 trolls
  8 merfolk
  2 sphinx simulacra
  A wolf spider simulacrum (D:15)
  A jumping spider (shapeshifter) (D:13)
  A wind drake (Shoals:2)
  2 polar bears
  16 two-headed ogres
  17 blink frogs
  A frost giant simulacrum (Vaults:1)
  4 boulder beetles
  14 slime creatures
  3 snapping turtles
  A tarantella (shapeshifter) (Vaults:3)
  5 wraiths
  A vampire (D:12)
  6 water elementals
  44 yaks
  A wyvern (D:12)
  Grum (D:8)
  A yak (shapeshifter) (Vaults:4)
  2 fire elementals (D:13)
  A human (D:7)
  6 basilisks
  2 hungry ghosts
  7 hippogriffs
  A steam dragon (Lair:7)
  13 vampire mosquitoes
  5 wargs
  2 mottled dragons (Vaults:1)
  34 nagas
  A soldier ant (D:13)
  22 water moccasins
  10 porcupines
  A hell hound (shapeshifter) (Vaults:1)
  6 hell hounds (D:13)
  2 swamp drakes (Lair:7)
  19 orc warriors
  6 sky beasts
  6 ice beasts
  A black bear (D:12)
  2 phantoms
  40 ogres
  2 necrophages
  An ogre (shapeshifter) (Vaults:4)
  10 boggarts
  20 centaurs
  7 wolves
  19 crocodiles
  2 yaktaur zombies (Vaults:1)
  A big kobold (D:9)
  25 giant frogs
  2 wyvern zombies
  A human skeleton (Vaults:1)
  A wyvern skeleton (D:9)
  9 scorpions
  A water moccasin skeleton (D:4)
  6 killer bees
  9 wights
  7 howler monkeys
  3 jellies (D:15)
  4 crimson imps
  2 quasits
  3 giant frog zombies
  5 hounds
  A human zombie (Ossuary)
  20 orc priests
  A giant frog skeleton (D:10)
  4 centaur skeletons
  8 iguanas
  41 orc wizards
  11 worker ants
  39 sheep
  A worker ant zombie (D:8)
  2 howler monkey zombies
  12 gnolls
  8 adders
  43 river rats
  3 shadow imps
  3 adder skeletons
  A worm (D:6)
  A dart slug (D:1)
  4 giant geckos
  104 orcs
  2 giant cockroaches
  11 goblins
  6 hobgoblins
  11 jackals
  14 kobolds
  7 quokkas
  4 ball pythons
  7 bats
  A giant gecko skeleton (D:7)
  4 giant newts
  2 goblin zombies (Ossuary)
  3 hobgoblin zombies (Ossuary)
  3 jackal zombies (Ossuary)
  4 kobold zombies (Ossuary)
  An orc zombie (Ossuary)
  A quokka skeleton (D:6)
  12 rats
  A rat zombie (Ossuary)
  2 fungi (Lair:8)
  12 plants
1341 creatures vanquished.

Vanquished Creatures (collateral kills)
  An orc warrior (D:6)
  An ice beast (D:6)
  A giant frog (D:6)
  An elf zombie (Ossuary)
  A howler monkey (D:4)
  A crimson imp (D:5)
  2 human zombies (Ossuary)
  Jessica (D:3)
  An orc wizard (D:4)
  2 worker ants
  A hound skeleton (D:5)
  2 mummies (Ossuary)
  3 adders
  2 gnolls
  2 shadow imps (D:5)
  A worm (D:2)
  A dart slug (D:4)
  2 orcs
  A giant cockroach (D:2)
  3 hobgoblins
  4 jackals
  3 kobolds
  A bat (D:4)
  A giant newt (D:4)
  8 hobgoblin zombies (Ossuary)
  3 kobold zombies (Ossuary)
  7 orc zombies (Ossuary)
  A rat zombie (Ossuary)
58 creatures vanquished.

Vanquished Creatures (others)
  A hydra (Lair:8)
  2 bushes
  177 fulminant prisms
  61 fungi
  43 plants
284 creatures vanquished.

Grand Total: 1683 creatures vanquished

Notes
Turn   | Place    | Note
--------------------------------------------------------------
     0 | D:1      | Ratboiler the Felid Wanderer began the quest for the Orb.
     0 | D:1      | Ratboiler set off with: a book of Minor Magic, the Collected Works on Earth, a scroll of teleportation, a meat ration
     0 | D:1      | Reached XP level 1. HP: 7/7 MP: 4/4
     0 | D:1      | Identified the Collected Works on Earth
     2 | D:1      | Learned a level 1 spell: Magic Dart
   392 | D:1      | Reached skill level 1 in Conjurations
   569 | D:1      | Reached XP level 2. HP: 11/11 MP: 1/6
   573 | D:1      | Learned a level 2 spell: Call Imp
  1149 | D:2      | Reached XP level 3. HP: 14/14 MP: 2/7
  1219 | D:2      | Learned a level 3 spell: Mephitic Cloud
  1236 | D:2      | Found a shattered altar of Ashenzari.
  2433 | D:3      | Reached skill level 1 in Air Magic
  2434 | D:3      | Reached XP level 4. HP: 18/18 MP: 1/8
  2680 | D:3      | Noticed Jessica
  2728 | D:3      | Upgraded the game from 0.18-a0-1542-g9c1a92e to 0.18-a0-1551-g40744a8
  2844 | D:3      | Reached skill level 1 in Poison Magic
  3176 | D:3      | Killed Jessica
  3213 | D:4      | Noticed an ogre
  3422 | D:3      | Noticed a phantom
  3494 | D:4      | Found Kuqypt's Jewellery Emporium.
  3502 | D:4      | Found a staircase to the Ecumenical Temple.
  3513 | Temple   | Entered the Ecumenical Temple
  3873 | D:3      | Reached XP level 5. HP: 16/21 MP: 2/9
  4007 | D:3      | Found a glowing silver altar of Zin.
  4160 | D:4      | Killed an ogre
  4215 | D:4      | Found a stormy altar of Qazlal.
  4313 | D:4      | Found a sacrificial altar of Ru.
  4337 | D:4      | Learned a level 2 spell: Repel Missiles
  4440 | D:4      | Gained mutation: You are covered in thick fur (AC +2). [Felid growth]
  4440 | D:4      | Reached XP level 6. HP: 14/24 MP: 3/10
  4630 | D:4      | Found a radiant altar of Vehumet.
  5217 | D:4      | Learned a level 3 spell: Conjure Flame
  5438 | D:4      | Became a worshipper of Vehumet
  5456 | D:4      | Found a bloodstained altar of Trog.
  5538 | D:5      | Entered Level 5 of the Dungeon
  5957 | D:5      | Reached XP level 7. HP: 27/27 MP: 2/13
  6732 | D:5      | Noticed Prince Ribbit
  6807 | D:5      | Reached skill level 5 in Conjurations
  7157 | D:6      | Found a sand-covered staircase.
  7186 | Ossuary  | Entered an ossuary
  7225 | Ossuary  | Reached * piety under Vehumet
  7225 | Ossuary  | Offered knowledge of Freeze by Vehumet.
  7903 | Ossuary  | Reached XP level 8. HP: 31/31 MP: 10/16
  7941 | Ossuary  | Offered knowledge of Sting by Vehumet.
  7944 | Ossuary  | Learned a level 1 spell: Sting
  7954 | Ossuary  | Reached ** piety under Vehumet
  8234 | D:6      | Reached skill level 5 in Spellcasting
  8982 | D:6      | Noticed a troll
  9089 | D:6      | Killed a troll
  9195 | D:6      | Reached skill level 1 in Dodging
  9350 | D:6      | Reached skill level 2 in Dodging
  9436 | D:6      | Reached skill level 3 in Dodging
  9591 | D:6      | Reached XP level 9. HP: 34/34 MP: 9/19
  9605 | D:6      | Offered knowledge of Throw Frost by Vehumet.
  9665 | D:6      | Learned a level 2 spell: Throw Frost
  9722 | D:6      | Reached skill level 4 in Dodging
 10104 | D:7      | Found Neorop's Magic Scroll Shoppe.
 10109 | D:7      | Bought a scroll of identify for 28 gold pieces
 10109 | D:7      | Bought a scroll of identify for 28 gold pieces
 10113 | D:7      | Gained mutation: You are partially covered in slimy green scales (AC +2). [potion of beneficial mutation]
 10177 | D:4      | Bought the ring "Otsahat" {+Fly rPois rC- Str+3 Dex+3} for 480 gold pieces
 10420 | D:7      | Reached *** piety under Vehumet
 10505 | D:7      | Found an opulent altar of Gozag.
 10656 | D:7      | Reached skill level 5 in Dodging
 10993 | D:7      | Learned a level 3 spell: Stone Arrow
 12383 | D:8      | Offered knowledge of Olgreb's Toxic Radiance by Vehumet.
 12539 | D:8      | Found an ancient bone altar of Kikubaaqudgha.
 12732 | D:8      | Found Pirghouky's Book Boutique.
 13066 | D:8      | Noticed Grum
 13073 | D:8      | Reached skill level 10 in Conjurations
 13110 | D:8      | Killed Grum
 13175 | D:8      | Found a glowing golden altar of the Shining One.
 13433 | D:9      | Reached **** piety under Vehumet
 13435 | D:9      | Reached XP level 10. HP: 37/37 MP: 7/20
 13443 | D:9      | Noticed Psyche
 13628 | D:9      | Offered knowledge of Fulminant Prism by Vehumet.
 13634 | D:9      | Learned a level 4 spell: Fulminant Prism
 13641 | D:9      | Found a stormy altar of Qazlal.
 13698 | D:9      | Noticed Erolcha
 13901 | D:9      | Found a white marble altar of Elyvilon.
 14059 | D:9      | Killed Psyche
 14508 | D:9      | Found a staircase to the Orcish Mines.
 14675 | D:9      | Found Meawauc's Antique Weapon Boutique.
 14899 | D:10     | Entered Level 10 of the Dungeon
 15117 | D:10     | Noticed amplicon's ghost (novice TrMo)
 15140 | D:10     | Killed amplicon's ghost
 15319 | D:10     | You fall through a shaft for 2 floors!
 15344 | D:12     | Noticed a manticore
 15400 | D:12     | Noticed a hill giant
 15425 | D:12     | Killed a hill giant
 15506 | D:11     | Noticed Nergalle
 15506 | D:11     | Noticed a red ugly thing
 15641 | D:12     | Killed Nergalle
 15641 | D:12     | Reached skill level 1 in Fighting
 15641 | D:12     | Reached XP level 11. HP: 39/43 MP: 20/25
 15683 | D:12     | Noticed a red ugly thing
 15991 | D:11     | Noticed a white ugly thing
 16013 | D:11     | Killed a white ugly thing
 16389 | D:10     | Reached ***** piety under Vehumet
 16389 | D:10     | Offered knowledge of Ozocubu's Refrigeration by Vehumet.
 16636 | D:8      | Bought a book of Power for 495 gold pieces
 16642 | D:8      | Learned a level 5 spell: Venom Bolt
 16975 | D:10     | Found a staircase to the Lair.
 17253 | D:10     | Found Wuinung's Assorted Antiques.
 17261 | D:10     | Bought a scroll of identify for 48 gold pieces
 17307 | D:11     | Noticed a white ugly thing
 17350 | D:11     | Found an opulent altar of Gozag.
 17398 | Lair:1   | Entered Level 1 of the Lair of Beasts
 17500 | Lair:1   | Reached skill level 5 in Fighting
 17717 | Lair:1   | Found a deep blue altar of Sif Muna.
 18644 | Lair:2   | Reached skill level 6 in Dodging
 19008 | Lair:2   | Reached skill level 7 in Dodging
 19868 | Lair:3   | Reached skill level 8 in Dodging
 19885 | Lair:3   | Noticed a seven-headed hydra
 19894 | Lair:3   | Killed a seven-headed hydra
 19894 | Lair:3   | Gained mutation: Your thick and shaggy fur keeps you warm (AC +3, rC+). [Felid growth]
 19894 | Lair:3   | Reached XP level 12. HP: 28/52 MP: 1/26
 20325 | Lair:3   | Reached skill level 9 in Dodging
 20478 | Lair:3   | Noticed Urug
 20489 | Lair:3   | Killed Urug
 20885 | Lair:3   | Found a staircase to the Snake Pit.
 21628 | Lair:4   | Offered knowledge of Airstrike by Vehumet.
 21662 | Lair:4   | Reached skill level 10 in Spellcasting
 21664 | Lair:4   | Noticed a four-headed hydra
 21764 | Lair:4   | Killed a four-headed hydra
 22381 | Lair:4   | Learned a level 6 spell: Freezing Cloud
 22438 | Lair:4   | Noticed Harold
 22443 | Lair:4   | Killed Harold
 22453 | Lair:4   | Noticed a six-headed hydra
 22916 | Lair:4   | Killed a six-headed hydra
 23462 | Lair:5   | Found a staircase to the Shoals.
 24138 | Lair:6   | Noticed Maud
 24152 | Lair:6   | Reached XP level 13. HP: 55/55 MP: 6/28
 24249 | Lair:6   | Found a viscous altar of Jiyva.
 24249 | Lair:6   | Found a staircase to the Slime Pits.
 24561 | Lair:6   | Reached skill level 5 in Air Magic
 24566 | Lair:6   | Noticed Josephine
 24611 | Lair:7   | Offered knowledge of Delayed Fireball by Vehumet.
 24730 | Lair:7   | Reached skill level 5 in Ice Magic
 26284 | Lair:8   | Entered Level 8 of the Lair of Beasts
 28561 | Lair:8   | Reached XP level 14. HP: 60/60 MP: 17/29
 28767 | Lair:8   | Offered knowledge of Conjure Ball Lightning by Vehumet.
 30156 | Lair:8   | Gained mutation: You are frail (-10% HP). [potion of mutation]
 30156 | Lair:8   | Gained mutation: You are very frail (-20% HP). [potion of mutation]
 30156 | Lair:8   | Gained mutation: You are extremely frail (-30% HP). [potion of mutation]
 30157 | Lair:8   | Lost mutation: You are extremely frail (-30% HP). [potion of cure mutation]
 30157 | Lair:8   | Lost mutation: You are very frail (-20% HP). [potion of cure mutation]
 30157 | Lair:8   | Lost mutation: You are frail (-10% HP). [potion of cure mutation]
 30769 | Lair:8   | Reached skill level 15 in Conjurations
 31363 | Lair:1   | Identified a scroll of acquirement
 31512 | D:4      | Bought the ring of Yzuam {Fire Int+4} for 565 gold pieces
 32003 | D:11     | Noticed Maurice
 32006 | D:11     | Killed Maurice
 32795 | D:12     | Learned a level 7 spell: Orb of Destruction
 32864 | D:12     | Learned a level 6 spell: Bolt of Fire
 33103 | D:12     | Reached skill level 1 in Fire Magic
 33205 | D:13     | Noticed Rupert
 33655 | D:13     | Found a gate to the Vaults.
 33703 | D:13     | Offered knowledge of Bolt of Cold by Vehumet.
 33723 | D:13     | Noticed a stone giant
 33723 | D:13     | a dire elephant changed into a stone giant
 33732 | D:13     | Noticed a sphinx
 33732 | D:13     | a stone giant changed into a sphinx
 33741 | D:13     | Noticed an apis
 33743 | D:13     | Noticed a frost giant
 33743 | D:13     | an apis changed into a frost giant
 33745 | D:13     | Noticed a shadow dragon
 33745 | D:13     | a frost giant changed into a shadow dragon
 33746 | D:13     | Killed a shadow dragon
 33754 | D:13     | Noticed Azrael
 34114 | D:13     | Noticed Snorg
 34118 | D:13     | Killed Snorg
 34380 | D:13     | Killed Azrael
 34742 | D:13     | Killed Rupert
 34742 | D:13     | Reached XP level 15. HP: 63/63 MP: 0/31
 35048 | D:14     | Reached skill level 5 in Fire Magic
 36349 | Snake:1  | Entered Level 1 of the Snake Pit
 36535 | Snake:1  | Learned a level 3 spell: Regeneration
 39593 | Snake:1  | Offered knowledge of Poison Arrow by Vehumet.
 39767 | Orc:1    | Entered Level 1 of the Orcish Mines
 39875 | Orc:2    | Entered Level 2 of the Orcish Mines
 39980 | Orc:2    | Found a staircase to the Elven Halls.
 40066 | Orc:2    | Noticed an orc warlord
 40096 | Orc:2    | Killed an orc warlord
 40546 | Orc:2    | Reached skill level 10 in Dodging
 40651 | Orc:2    | Found Nypeon's Book Emporium.
 40693 | Orc:2    | Found a radiant altar of Vehumet.
 40712 | Orc:2    | Found Anuyfy's Antique Armour Emporium.
 40830 | Orc:2    | Found an ancient bone altar of Kikubaaqudgha.
 40847 | Orc:2    | Offered knowledge of Delayed Fireball by Vehumet.
 41055 | Orc:2    | Reached skill level 11 in Dodging
 41057 | Orc:2    | Found a roughly hewn altar of Beogh.
 41057 | Orc:2    | Found Bysatuda's Gadget Emporium.
 41070 | Orc:2    | Found Eliucac's Magic Scroll Shoppe.
 41081 | Orc:2    | Bought a scroll of identify for 28 gold pieces
 41081 | Orc:2    | Bought a scroll of amnesia for 49 gold pieces
 41081 | Orc:2    | Bought a scroll of identify for 28 gold pieces
 41081 | Orc:2    | Bought a scroll of identify for 28 gold pieces
 42174 | D:12     | Reached XP level 16. HP: 66/66 MP: 9/34
 42368 | D:15     | Entered Level 15 of the Dungeon
 42368 | D:15     | Noticed Louise
 42373 | D:15     | Killed Louise
 42373 | D:15     | Reached skill level 12 in Dodging
 43106 | D:15     | Reached skill level 13 in Dodging
 43303 | D:15     | Noticed Agnes
 43403 | D:15     | Killed Agnes
 43614 | D:15     | Shot with a bolt by a yaktaur captain
 43615 | D:15     | Reached XP level 15. HP: -5/63 MP: 23/33
 43717 | D:15     | Reached skill level 14 in Dodging
 43767 | D:15     | Found a corrupted altar of Lugonu.
 43961 | Shoals:1 | Entered Level 1 of the Shoals
 44067 | Shoals:4 | Entered Level 4 of the Shoals
 44267 | Shoals:3 | Noticed Donald
 44311 | Shoals:3 | Killed Donald
 44563 | Shoals:3 | Reached ****** piety under Vehumet
 44652 | Shoals:2 | Offered knowledge of Lehudib's Crystal Spear by Vehumet.
 44652 | Shoals:2 | Offered knowledge of Shatter by Vehumet.
 44652 | Shoals:2 | Offered knowledge of Tornado by Vehumet.
 44652 | Shoals:2 | Reached skill level 15 in Dodging
 44911 | Shoals:4 | Reached skill level 16 in Dodging
 44993 | Shoals:4 | Got a fine ruby amulet
 45055 | Shoals:4 | Noticed Ilsuiw
 45175 | Shoals:4 | Got a barnacled rune of Zot
 45197 | Shoals:4 | HP: 3/63 [merfolk impaler/trident of venom (12)]
 45197 | Shoals:4 | Shot with a sling bullet of frost by a faun
 45198 | Shoals:4 | Reached XP level 14. HP: -1/60 MP: 8/32
 45232 | Shoals:4 | Reached skill level 17 in Dodging
 45556 | Shoals:2 | Identified the amulet "Soxom" {Reflect rPois rC- Str+4 SH+5} (You took it off a merfolk aquamancer on level 4 of the Shoals)
 45602 | Shoals:1 | Reached XP level 15. HP: 63/63 MP: 31/33
 45627 | Shoals:1 | Found a runed door.
 46501 | Snake:2  | Reached skill level 18 in Dodging
 46643 | Snake:2  | Noticed a greater naga
 46650 | Snake:2  | Killed a greater naga
 46967 | Snake:2  | Noticed Vashnia
 47604 | D:15     | Found a staircase to the Depths.
 47749 | D:15     | Reached skill level 19 in Dodging
 48181 | Vaults:1 | Entered Level 1 of the Vaults
 48304 | Vaults:1 | Found Saepter's Book Shop.
 49731 | Vaults:1 | Noticed a vault warden
 49741 | Vaults:1 | Killed a vault warden
 49741 | Vaults:1 | Reached XP level 16. HP: 52/66 MP: 12/35
 51323 | Vaults:1 | Reached skill level 15 in Spellcasting
 53429 | Vaults:3 | Reached XP level 17. HP: 70/70 MP: 31/37
 53730 | Vaults:3 | Learned a level 6 spell: Iron Shot
 53839 | Vaults:3 | Reached skill level 1 in Earth Magic
 54781 | Vaults:4 | Killed from afar by a fire giant
 54782 | Vaults:4 | Reached XP level 16. HP: -13/66 MP: 22/46
 54795 | Vaults:5 | Entered Level 5 of the Vaults
 54795 | Vaults:5 | Noticed a tengu reaver
 54797 | Vaults:5 | Noticed a tentacled monstrosity
 55090 | Vaults:4 | Reached skill level 5 in Earth Magic
 56191 | Vaults:4 | Reached XP level 17. HP: 60/70 MP: 24/38
 58067 | Shoals:4 | Slain by a snapping turtle

Vault maps used:
D:1:      dpeg_arrival_simpleton_b, st_stairs_7
D:2:      lemuel_doored_altar
D:3:      zin_scriptorium, kennysheep_jessica_study
D:4:      old_forge, kennysheep_mini, lemuel_crystal_altar,
          nicolae_ru_path_of_blood, minmay_temple_entry_glass, serial_shops,
          nicolae_shop_stone, first_bread, lightli_sewer_entry_pipes,
          trog_hazing_becter
D:5:      minmay_divided_ellipse, uniq_prince_ribbit1
D:6:      chequers_ossuary_entry_cave
D:7:      nicolae_gozag_seed_capital, serial_shops, kennysheep_little_box,
          grunt_livestock, kennysheep_boxes
D:8:      kiku_gazebo_pond_becter, tso_altar, serial_shops,
          nicolae_shop_waterfront, minmay_misc_feat_four_crosses, uniq_grum
D:9:      nicolae_overflow_crystal_walls, hiddenorc1_lemuel, serial_shops, shop,
          minmay_misc_feat_encased, grunt_qazlal_clouds, uniq_erolcha,
          uniq_psyche
D:10:     erik_lair_orcish_takeover, serial_shops, nicolae_shop_stone
D:11:     basic_altar, uniq_nergalle, uniq_maurice
D:13:     david_vaults_2, uniq_snorg, uniq_rupert, uniq_azrael
D:14:     minivault_4, serial_glass, glass_columns_a, glass_columns_a
D:15:     grunt_enter_depths_snipers, nicolae_water_bricks, st_stairs_6,
          grunt_ministairs_1, lemuel_hellish_altar, uniq_agnes, uniq_louise
Temple:   triangle_lava_temple_11
Lair:1:   basic_altar
Lair:2:   beast_lair_carwin_11
Lair:3:   minmay_snake_entry_six_corridors, uniq_urug
Lair:4:   nicolae_quartered_pool_super, lemuel_fruit_tree, grunt_megastairs_4,
          uniq_harold
Lair:5:   elwin_shoals_entry_rocks, nicolae_lair_grove_arrangements
Lair:6:   slime_altar_1, uniq_maud, uniq_josephine
Lair:7:   guppyfry_lair_drakes
Lair:8:   evilmike_catoblepas_cave
Shoals:1: ldierk_geyser, lightli_airlock
Shoals:2: cheibrodos_shoals_roost
Shoals:3: uniq_donald, uniq_jorgrun
Shoals:4: shoals_end_grunt_garden, shoal_ilsuiw, nicolae_shoals_mertower,
          uniq_polyphemus
Snake:1:  serial_shops, shop_fountains, st_stairs_1
Snake:2:  st_stairs_14, serial_bayou_shore_b, basic_stair_grate_trap,
          uniq_vashnia
Snake:3:  serial_shops, shop, guppyfry_snake_island, uniq_saint_roka
Orc:2:    kennysheep_orc_mage_school
Vaults:1: nicolae_vaults_little_squares_4, vaults_room_hallway,
          grunt_vaults_swirl, v_alt_pattern_4, nicolae_vaults_sealed_display,
          v_misc_5, ontoclasm_vaults_hangar, nicolae_vaults_triangles,
          vaults_standard_mumra_enter_the_diamond, v_rooms_6,
          nicolae_vaults_gold_heap, ontoclasm_vaults_decontamination,
          grunt_vaults_focal, serial_shops, nicolae_shop_waterfront
Vaults:2: minmay_crypt_entry_simple_box, v_rooms_3,
          vaults_mumra_minichess_inversion, nicolae_vaults_alarming,
          ontoclasm_vaults_chip
Vaults:3: vaults_mumra_minichess, v_misc_22, v_misc_27, v_misc_9,
          hangedman_vaults_impose, ontoclasm_vaults_ring_small,
          nicolae_vaults_shelves_hall, nicolae_vaults_octagons,
          nicolae_vaults_little_squares_6, v_alt_pattern_4,
          hangedman_vaults_impose, vaults_dpeg_hooks,
          nicolae_vaults_little_squares_3, nicolae_vaults_yaktaur_gun_rack,
          v_misc_3
Vaults:4: v_rooms_6, nicolae_vaults_little_squares_1, hangedman_vaults_hat,
          vaults_mumra_lcd, nicolae_vaults_border_crossing, v_misc_30
Vaults:5: serial_shops, uniq_xtahua
Ossuary:  ossuary_tomb_1

Skill      XL: |  1  2  3  4  5  6  7  8  9 10 11 12 13 14 15 16 17 |
---------------+----------------------------------------------------+-----
Conjurations   | 1 2 3 4 5 7 10 11 12 13 15 17 | 17.5
Air Magic      | 1 2 4 8 |  8.3
Poison Magic   | 1 3 |  3.2
Spellcasting   | 3 4 6 9 10 11 14 15 16 | 16.8
Dodging        | 3 5 8 9 17 19 13 | 19.0
Fighting       | 1 6 |  6.5
Ice Magic      | 4 8 |  8.0
Fire Magic     | 4 6 |  6.1
Earth Magic    | 6 8 |  8.1
Stealth        | |  2.6
Hexes          | |  4.4
Necromancy     | |  1.0

Action                   |  1- 3 |  4- 6 |  7- 9 | 10-12 | 13-15 | 16-18 || total
-------------------------+-------+-------+-------+-------+-------+-------++-------
Melee: Unarmed           |    13 |    28 |    52 |    37 |    53 |    59 ||   242
 Cast: Magic Dart        |   126 |   123 |   246 |   117 |   117 |    18 ||   747
       Call Imp          |     6 |    52 |   120 |     5 |     2 |       ||   185
       Mephitic Cloud    |     1 |    26 |    62 |    19 |     3 |       ||   111
       Repel Missiles    |       |     1 |     1 |     2 |    10 |     9 ||    23
       Conjure Flame     |       |     1 |    50 |    60 |    30 |     2 ||   143
       Sting             |       |       |    45 |     1 |       |       ||    46
       Stone Arrow       |       |       |    56 |   191 |    85 |       ||   332
       Throw Frost       |       |       |    11 |     2 |       |       ||    13
       Fulminant Prism   |       |       |       |    93 |    81 |     3 ||   177
       Venom Bolt        |       |       |       |   117 |   223 |       ||   340
       Freezing Cloud    |       |       |       |       |   205 |   115 ||   320
       Bolt of Fire      |       |       |       |       |   308 |   176 ||   484
       Orb of Destructio |       |       |       |       |   112 |   118 ||   230
       Regeneration      |       |       |       |       |     4 |       ||     4
       Iron Shot         |       |       |       |       |       |    31 ||    31
Evoke: Wand              |       |       |     1 |       |     4 |    10 ||    15
  Use: Potion            |     4 |       |     2 |     5 |    10 |     4 ||    25
       Scroll            |     1 |       |     9 |    12 |    33 |     7 ||    62
 Stab: Sleeping          |     1 |       |       |       |       |       ||     1
       Confused          |       |       |     6 |       |       |       ||     6
  Eat: Chunk             |     8 |    20 |    32 |    59 |   210 |   145 ||   474
       Pizza             |       |       |       |       |     9 |       ||     9
       Royal jelly       |       |       |       |       |     2 |       ||     2
       Beef jerky        |       |       |       |       |     8 |       ||     8
       Meat ration       |       |       |       |       |     9 |     2 ||    11
